 Dungeon Crawl Stone Soup version 0.19-a0-749-g66ae36b (webtiles) character file.

37 Implojin the Ruffian (level 3, 0/36 HPs)
             Began as a Troll Fighter on June 24, 2016.
             Slain by Mathyus's ghost (16 damage)
             ... on level 3 of the Dungeon.
             The game lasted 00:00:54 (176 turns).

Implojin the Ruffian (Troll Fighter)                 Turns: 176, Time: 00:00:54

Health: 0/36       AC:  5    Str: 29    XL:     3   Next: 21%
Magic:  2/2        EV:  8    Int:  4    God:
Gold:   0          SH:  9    Dex: 10    Spells: 0 memorised, 2 levels left

rFire  . . .     SeeInvis .       - Unarmed
rCold  . . .     Gourm    +     a - +0 robe
rNeg   . . .     Faith    .     b - +0 shield
rPois  .         Spirit   .     (helmet restricted)
rElec  .         Dismiss  .     (no cloak)
rCorr  .         Reflect  .     (gloves unavailable)
SustAt .         Harm     .     (boots unavailable)
MR     .....                    (no amulet)
Stlth  +.........               (no ring)
                                (no ring)

@: mighty, not resistant to hostile enchantments, very unstealthy
A: unfitting armour, claws 3, fast metabolism 3, gourmand, regeneration 2,
shaggy fur 1, tough skin 2
a: no special abilities


You were on level 3 of the Dungeon.
You were not hungry.

You visited 1 branch of the dungeon, and saw 3 of its levels.

Inventory:

Armour
 a - a +0 robe (worn)
 b - a +0 shield (worn)
Jewellery
 h - a +2 ring of intelligence {unknown}
 j - an uncursed ring of resist corrosion {unknown}
Scrolls
 e - a scroll of identify {unknown}
 f - a scroll of remove curse {unknown}
 g - a scroll of teleportation {unknown}
 i - a scroll of amnesia {unknown}
Comestibles
 d - 3 bread rations


   Skills:
 - Level 2.4 Fighting
 - Level 2.4 Dodging
 - Level 2.4 Shields
 * Level 3.7 Unarmed Combat


You had 2 spell levels left.
You didn't know any spells.

Dungeon Overview and Level Annotations

Branches:
Dungeon (3/15)

Altars:

Annotations:
D:3 Mathyus's ghost, amateur DDFi


Innate Abilities, Weirdness & Mutations

You are too large for most types of armour.
You have claws for hands.
Your metabolism is lightning-fast.
You like to eat raw meat.
You heal very quickly.
You are covered in fur. (AC +1)
You have very tough skin. (AC +2)


Message History

You feel sick.
You climb downwards.
Found 17 gold pieces and a scroll labeled YBOCRA TUICK.
Found a stone staircase leading down.
There is a stone staircase leading up here.
A bat and a rat come into view.
A goblin comes into view. It is wielding a dagger.
Mathyus's ghost (amateur Deep Dwarf Fighter) comes into view.
You feel sick.
You are no longer poisoned.
You block the bat's attack. The bat hits you but does no damage.
The bat closely misses you. You block the bat's attack.
You scratch the bat but do no damage. The bat barely misses you. x2
You claw the bat!
You kill the bat!
The rat bites you but does no damage.
There is a stone staircase leading up here.
You closely miss the rat. The rat barely misses you.
You mangle the rat!!
You kill the rat!
You scratch the goblin.
You kill the goblin!
You claw Mathyus's ghost!
Mathyus's ghost is moderately damaged.
Mathyus's ghost barely misses you.
You claw Mathyus's ghost!
Mathyus's ghost is moderately damaged.
Mathyus's ghost hits you.
Your shield prevents you from hitting Mathyus's ghost.
Mathyus's ghost is moderately damaged.
Mathyus's ghost hits you!
* * * LOW HITPOINT WARNING * * *
You feel very mighty all of a sudden. Mathyus's ghost hits you.
* * * LOW HITPOINT WARNING * * *
Unknown command.
You claw Mathyus's ghost!
Mathyus's ghost is severely damaged.
Mathyus's ghost hits you!
You die...

#.. .. #...#. #.
....#.# ##...
....... #...
...#... ###..####
.......###........
.........#@......$
...>.....W........
.....?.###........
....... #........
....... #........
.....#. #........
.....#. #########
.... .. .... #.


You could see Mathyus's ghost.

Vanquished Creatures
  3 adders (D:2)
  3 bats
  A giant cockroach (D:1)
  A goblin (D:3)
  A kobold (D:2)
  A giant newt (D:2)
  A rat (D:3)
11 creatures vanquished.

Notes
Turn   | Place    | Note
--------------------------------------------------------------
     0 | D:1      | Implojin the Troll Fighter began the quest for the Orb.
     0 | D:1      | Reached XP level 1. HP: 22/22 MP: 0/0
    34 | D:2      | Reached XP level 2. HP: 24/29 MP: 1/1
    52 | D:2      | Reached skill level 3 in Unarmed Combat
   155 | D:2      | Reached XP level 3. HP: 26/36 MP: 2/2
   163 | D:3      | Noticed Mathyus's ghost (amateur DDFi)
   176 | D:3      | Slain by Mathyus's ghost

Vault maps used:
D:1:      saegor_arrival_simple_f, corner_web_ring
D:2:      lemuel_crystal_altar, serial_forest, infiniplex_forest_straight_2,
          infiniplex_forest_clump_medium, infiniplex_forest_zigzag_1,
          infiniplex_forest_lined_room_2, infiniplex_forest_clump_diagonal,
          minmay_octomino_e4, uniq_crazy_yiuf_cottage, uniq_sigmund
D:3:      gammafunk_temple_overflow_elements, first_bread, minmay_misc_feat_iff,
          uniq_natasha, uniq_jessica

Skill      XL: |  1  2 |
---------------+-------+-----
Unarmed Combat | 3 |  3.7
Fighting       | |  2.4
Dodging        | |  2.4
Shields        | |  2.4

Action                   || total
-------------------------++-------
Melee: Unarmed           ||    39
  Use: Potion            ||     1
  Eat: Chunk             ||     1
Armor: Robe              ||    29
Dodge: Dodged            ||    25
Block: Shield            ||    26

Table legend:
 A = Turns spent in this place as a percentage of turns spent in the entire game.
 B = Non-inter-level travel turns spent in this place as a percentage of non-inter-level travel turns spent in the entire game.
 C = Inter-level travel turns spent in this place as a percentage of turns spent in this place.
 D = Turns resting spent in this place as a percentage of non-inter-level travel turns spent in this place.
 E = Turns spent auto-exploring this place as a percentage of non-inter-level travel turns spent in this place.
 F = Non-inter-level travel turns spent in this place divided by the number of levels of this place that you've seen.
                   A       B       C       D       E      F
               +-------+-------+-------+-------+-------+----------------------
         Total | 100.0 | 100.0 |   0.0 |   0.0 |   0.0 |  57.3
       Dungeon | 100.0 | 100.0 |   0.0 |   0.0 |   0.0 |  57.3
               +-------+-------+-------+-------+-------+----------------------

Table legend:
 A = Kills in this place as a percentage of kills in entire the game.
 B = Kills by you in this place as a percentage of kills by you in the entire game.
 C = Kills by friends in this place as a percentage of kills by friends in the entire game.
 D = Other kills in this place as a percentage of other kills in the entire game.
 E = Experience gained in this place as a percentage of experience gained in the entire game.
 F = Experience gained in this place divided by the number of levels of this place that you have seen.
                   A       B       C       D       E      F
               +-------+-------+-------+-------+-------+----------------------
         Total | 100.0 | 100.0 |  -nan |  -nan | 100.0 |  17.7
       Dungeon | 100.0 | 100.0 |  -nan |  -nan | 100.0 |  17.7
               +-------+-------+-------+-------+-------+----------------------
